Map: Ulrena

Players

Whiteout

  • Race: Protoss Protoss
  • League: Grandmaster

llllllllllll - Winner!

  • Race: Terran Terran
  • League: Master

VOD

Have the link to the VOD?

Description

Time

  • Played on: Jan. 20, 2016, 11:43 p.m.
  • Length: 8:29
Show
View Real Time Build Order
Export as new Build Order

Whiteout Protoss 

Build Orders: Oracle Opening 

Get SALT Encoding   

  12  0:01  Probe (Chrono Boost)  
  13  0:11  Probe (Chrono Boost)  
  14  0:19  Pylon  
  14  0:22  Probe (Chrono Boost)  
  15  0:37  Probe (Chrono Boost)  
  15  0:38  Gateway  
  16  0:47  Probe (Chrono Boost)  
  16  0:49  Assimilator  
  17  0:57  Assimilator  
  17  0:58  Probe (Chrono Boost)  
  18  1:08  Probe (Chrono Boost)  
  19  1:12  Gateway  
  19  1:19  Probe (Chrono Boost)  
  20  1:27  Cybernetics Core  
  20  1:30  Probe (Chrono Boost)  
  21  1:41  Probe (Chrono Boost)  
  21  1:45  Pylon  
  22  1:51  Probe (Chrono Boost)  
  23  2:04  Mothership Core (Chrono Boost)  
  23  2:05  Adept  
  23  2:08  Adept  
  29  2:12  Warp Gate (Chrono Boost)  
  29  2:23  Pylon  
  29  2:35  Adept  
  31  2:41  Stargate  
  31  2:43  Adept  
  33  2:55  Probe  
  34  3:07  Pylon, Probe  
  35  3:13  Pylon  
  35  3:19  Probe  
  36  3:33  Probe  
  37  3:43  Oracle (Chrono Boost)  
  40  3:51  Gateway  
  40  4:02  Pylon  
  38  4:15  Oracle (Chrono Boost)  
  41  4:26  Nexus  
  41  4:32  Adept  
  41  4:37  Pylon  
  44  4:46  Oracle (Chrono Boost)  
  37  5:09  Adept x3  
  43  5:16  Pylon  
  43  5:17  Oracle (Chrono Boost)  
  44  5:28  Pylon  
  44  5:47  Probe  
  44  5:48  Oracle (Chrono Boost)  
  41  6:00  Sentry, Probe  
  41  6:01  Sentry  
  44  6:09  Pylon  
  44  6:10  Pylon  
  44  6:12  Pylon  
  44  6:13  Mothership Core  
  45  6:32  Sentry, Adept  
  40  6:43  Adept  
  42  6:55  Pylon  
  42  6:57  Pylon  
  42  6:58  Adept x2  
  42  6:59  Pylon  
  46  7:05  Adept  
  48  7:20  Stalker x2  
  52  7:29  Pylon  
  52  7:30  Stalker  
  54  7:44  Stalker x2  
  45  7:57  Sentry  
  45  8:07  Adept x2  
Show
View Real Time Build Order
Export as new Build Order

llllllllllll Terran - Winner!

Build Orders: Cyclone Opening 

Get SALT Encoding   

  12  0:00  SCV  
  13  0:13  SCV  
  14  0:18  Supply Depot  
  14  0:25  SCV  
  15  0:40  SCV  
  15  0:41  Barracks  
  16  0:46  Refinery  
  16  0:52  SCV  
  17  1:02  Refinery  
  17  1:04  SCV  
  18  1:17  SCV  
  19  1:28  Marine  
  19  1:31  Orbital Command  
  20  1:38  Factory  
  20  1:47  Supply Depot  
  20  1:56  SCV  
  21  2:01  Barracks Tech Lab  
  21  2:08  SCV  
  22  2:24  SCV  
  23  2:30  Cyclone, Mag-Field Accelerator  
  23  2:36  Supply Depot, SCV  
  27  2:50  Command Center  
  27  2:59  Engineering Bay  
  28  3:12  SCV  
  28  3:14  Cyclone  
  30  3:33  Missile Turret  
  30  3:34  Factory, SCV  
  31  3:46  Cyclone, SCV  
  35  3:56  Missile Turret  
  34  4:04  Orbital Command  
  34  4:09  Supply Depot  
  34  4:13  SCV  
  34  4:16  Barracks Reactor  
  35  4:19  Widow Mine  
  37  4:28  Cyclone  
  39  5:02  Cyclone  
  42  5:08  Orbital Command  
  42  5:09  Widow Mine x2  
  42  5:11  SCV  
  47  5:18  Supply Depot  
  47  5:19  Supply Depot  
  47  5:24  Missile Turret  
  47  5:26  Missile Turret  
  47  5:28  Missile Turret  
  47  5:30  Missile Turret  
  47  5:50  Widow Mine  
  47  5:51  Widow Mine, Cyclone  
  53  6:04  SCV x2  
  54  6:07  Refinery  
  55  6:16  SCV x2  
  57  6:24  Missile Turret  
  53  6:35  SCV x2  
  53  6:37  Cyclone  
  58  6:49  SCV x2  
  60  6:56  Widow Mine x2  
  64  7:01  SCV x2  
  66  7:13  SCV x2  
  68  7:26  Widow Mine x2  
  72  7:30  Cyclone  
  72  7:33  SCV x2  
  72  8:22  Missile Turret  
Tags
 
Add a new tag
Caveats
  • Supply blocks, unpowered buildings, or Contaminate may cause inaccurate times.
  • Supply counts are checked every 10 seconds.